 Dungeon Crawl Stone Soup version 0.29.1-2-gbd0b4ee654 (webtiles) character file.

Game seed: 15355857800330501705

56 hawla the Firebug (level 4, -9/20 (33) HPs)
             Began as a Meteoran Fire Elementalist on Nov 2, 2022.
             Killed from afar by Ijyb (17 damage)
             ... with a bolt of light
             ... on level 3 of the Dungeon.
             The game lasted 00:04:50 (1290 turns).

hawla the Firebug (Meteoran Fire Elementalist)      Turns: 1290, Time: 00:04:51

HP:   -9/20 (33)    AC:  3    Str: 10    XL:     4   Next: 37%
MP:   3/10          EV: 12    Int: 18    God:
Gold: 76            SH:  0    Dex: 14    Spells: 2/9 levels left

rFire   . . .      SeeInvis .   (no weapon)
rCold   . . .      Faith    .   (no shield)
rNeg    . . .      Spirit   .   a - +0 robe
rPois   .          Reflect  .   f - +0 helmet
rElec   .          Harm     .   (no cloak)
rCorr   .          Rampage  .   (no gloves)
Will    .....                   (no boots)
Stlth   +.........              (no amulet)
HPRegen 0.06/turn               (no ring)
MPRegen 0.12/turn               (no ring)

@: very slightly contaminated, glowing, very heavily drained
A: sense surroundings 1, otherworldly, glowing, explore regen
a: no special abilities


You were on level 3 of the Dungeon.
You visited 1 branch of the dungeon, and saw 3 of its levels.

You collected 76 gold pieces.

Inventory:

Armour
 a - a +0 robe (worn)
 f - a +0 helmet (worn)
Jewellery
 e - an amulet of reflection
Potions
 b - a potion of magic
 c - 2 potions of flight {unknown}
 d - 3 potions of ambrosia {unknown}
 g - a potion of curing
 h - a potion of brilliance
 i - a potion of haste {unknown}
 j - 2 potions of degeneration {unknown}
 k - a potion of lignification {unknown}


   Skills:
 - Level 2.6 Dodging
 - Level 1.4 Stealth
 - Level 3.4 Spellcasting
 + Level 1.8 Conjurations
 + Level 4.9 Fire Magic


You had 2 spell levels left.
You knew the following spells:

 Your Spells              Type           Power      Damage    Failure   Level
a - Foxfire               Conj/Fire      60%        2x1d7     3%          1
b - Scorch                Fire           40%        2d7       3%          2
c - Flame Wave            Conj/Fire      15%        2d7       36%         4

Your spell library contained the following spells:

 Spells                   Type           Power      Damage    Failure   Level
 Conjure Flame            Conj/Fire      15%        6-21      12%         3
 Inner Flame              Hex/Fire       12%        N/A       17%         3
 Dazzling Flash           Conj/Hex       12%        N/A       32%         3
 Iskenderun's Mystic Bla  Conj/Tloc      6%         2d4       71%         4
 Starburst                Conj/Fire      7%         6d4       99%         6


Dungeon Overview and Level Annotations

Branches:
Dungeon (3/15) Zot: 710

Altars:

Shops:
D:1 ([[

Annotations:
D:3 Ijyb


Innate Abilities, Weirdness & Mutations

You passively map a small area around you.
You are easily found by Zot.
You glow in the dark.
You regain HP and MP as you explore.


Message History

There is an open door here.
A worm comes into view.
You see here 4 poisoned darts.
A worm is nearby!
Casting: Foxfire (safe; 4% risk of failure)
Confirm with . or Enter, or press ? or * to list all spells.
Flames lash the worm.
The worm is heavily wounded.
The worm's fire resistance burns away.
Casting: Scorch (safe; 3% risk of failure)
Confirm with . or Enter, or press ? or * to list all spells.
Flames lash the worm.
The worm is burned terribly!
You kill the worm!
Ijyb and a rat come into view.
Ijyb is wielding a +0 dagger and carrying a wand of light (13).
Ijyb shouts!
Ijyb screams, "I no like you!"
You see here a +0 spear of freezing.
There are monsters nearby!
There are monsters nearby!
There are monsters nearby!
The rat twitches its whiskers.
Casting: Scorch (safe; 3% risk of failure)
Confirm with . or Enter, or press ? or * to list all spells.
You miscast Foxfire.
You are very lightly contaminated with residual magic.
Nothing appears to happen.
Ijyb zaps a wand.
The bolt of light hits you! The rat completely misses you.
Casting: Foxfire (safe; 3% risk of failure)
Confirm with . or Enter, or press ? or * to list all spells.
Flames lash Ijyb.
Ijyb is moderately wounded.
Ijyb's fire resistance burns away.
Ijyb hits you with a +0 dagger. The rat barely misses you.
Casting: Scorch (safe; 3% risk of failure)
Confirm with . or Enter, or press ? or * to list all spells.
You miscast Foxfire.
Nothing appears to happen.
Ijyb zaps a wand.
The bolt of light hits you!
Ouch! That really hurt!
You die...

* * #.### #######'### ,
,, #.# #.......... . #.#
#.......... , ,.. ,
###'#####.......... ,
... ,#..(....#.........<
.... #.......#..........
,
.....#..)....####+######
.......r.....#** ,
...##..@.....# , .
#.g....!.# * #..........
, , #.########.., , , #.
. * * , .. ~ ##. * * , ,
, ,


You could see Ijyb (combustible) and a rat.

Vanquished Creatures
  2 worms
  2 dart slugs
  2 endoplasms (D:1)
  3 giant cockroaches
  2 goblins (D:2)
  2 hobgoblins
  7 ball pythons
  5 bats
  2 frilled lizards
  12 kobolds
  6 rats
45 creatures vanquished.

Vanquished Creatures (others)
  69 foxfires
69 creatures vanquished.

Grand Total: 114 creatures vanquished

Notes
Turn   | Place    | Note
-------+----------+-------------------------------------------
     0 | D:1      | hawla the Meteoran Fire Elementalist began the quest for
                  | the Orb.
     0 | D:1      | Reached XP level 1. HP: 14/14 MP: 5/5
    77 | D:1      | Found Quggocat's Antique Weapon Shop.
   200 | D:1      | Reached skill level 4 in Fire Magic
   200 | D:1      | Reached XP level 2. HP: 20/20 MP: 2/6
   203 | D:1      | Learned a level 2 spell: Scorch
   302 | D:1      | Found Vizxoim's Armour Shoppe.
   312 | D:1      | Found Ynaepho's Antique Armour Boutique.
   347 | D:1      | Reached XP level 3. HP: 25/26 MP: 0/8
   500 | D:1      | Glimpsed the power of Zot.
  1031 | D:2      | Reached XP level 4. HP: 19/33 MP: 5/10
  1036 | D:2      | Learned a level 4 spell: Flame Wave
  1100 | D:2      | Glimpsed the power of Zot.
  1150 | D:2      | Glimpsed the power of Zot.
  1190 | D:2      | Glimpsed the power of Zot.
  1200 | D:2      | Touched by the power of Zot.
  1284 | D:3      | Noticed Ijyb
  1290 | D:3      | Killed from afar by Ijyb

Illustrated notes

Levels and vault maps discovered:
D:1:      dpeg_arrival_three_bigger_balls, layout_basic, serial_shops, shop,
          shop, shop, shop_statue, nicolae_shop_waterfront, st_stairs_11,
          bh_walls_and_bars
D:2:      layout_loops_corners, hellmonk_ecumenical_altar_heavens_door,
          amcnicky_mini_rare_corridor_liquid, grunt_ministairs_3
D:3:      layout_basic, saegor_snake_ambush, uniq_robin, uniq_terence, uniq_ijyb

Skill      XL: |  1  2 |
---------------+-------+-----
Fire Magic     | 4 |  4.9
Spellcasting   | 3 |  3.4
Dodging        | |  2.6
Stealth        | |  1.4
Conjurations   | |  1.8

Action                   |  1- 3 |  4- 6 || total
-------------------------+-------+-------++-------
Melee: Unarmed           |    21 |     1 ||    22
 Cast: Foxfire           |    36 |     7 ||    43
       Scorch            |    10 |    10 ||    20
  Use: Scroll            |     2 |     1 ||     3
Armor: Robe              |    13 |     3 ||    16
Dodge: Dodged            |    26 |     5 ||    31
